cohdb
Replays
Latest Replays
All Replays
Popular Replays
Top Player Replays
Match Explorer
How It Works
Community
CoH3 Stats
Reddit
Sign in to upload your games and track your stats! →
Sign in with Steam
Match 46059978
Unlisted
Match 46059978
Overview
Messages
Build Orders
End
Engineer Squad
Construct Weapon Support Center
M1919 Machine Gun Team
Bazooka Squad
M1919 Machine Gun Team
Mechanized Support Center
Mortar Pit
Construct Motor Pool
.30 cal Machine Gun
Selects Armored Battlegroup
Selects Fast Deploy
M8 Greyhound Armored Car
Selects Assault Engineers
Assault Engineer Squad
Designate Forward Repair Station
M8 Greyhound Armored Car
Selects M31 Recovery Vehicle
M31 Recovery Vehicle
Assault Engineer Squad
M8 Greyhound Armored Car
Improvised Armor
Selects War Machine
M1 Anti-tank Gun Team
M1 Anti-tank Gun Team
Selects Seek and Destroy
Seek and Destroy
M3 Armored Personnel Carrier
M31 Recovery Vehicle
M1 Anti-tank Gun Team
Seek and Destroy
Selects M4A3E8 Sherman Combat Group
M4A3E8 Sherman Combat Group
.30 cal Machine Gun
Mortar Pit
Mortar Pit
M4A3E8 Sherman Combat Group
M31 Recovery Vehicle
Seek and Destroy
M4A3E8 Sherman Combat Group
Pixel
Crossea
Cuttysark
Kampfstärke
lushmeadow
Hezbollah Z
0
0
Comments
sign in to comment!
No comments posted yet!